 Dungeon Crawl Stone Soup version 0.29.1-12-g30fa7ad0bf (webtiles) character file.

Game seed: 13478707588414042921

50 wingedge the Trooper (level 3, 0/33 HPs)
             Began as a Palentonga Delver on Jan 9, 2023.
             Succumbed to an adder's poison
             ... on level 2 of the Dungeon.
             The game lasted 00:08:53 (757 turns).

wingedge the Trooper (Palentonga Delver)             Turns: 757, Time: 00:08:54

Health: 0/33       AC:  5    Str: 17 (19) XL:     3   Next: 55%
Magic:  3/3        EV:  9    Int:  7 (10) God:
Gold:   78         SH:  0    Dex: 10 (11) Spells: 2/2 levels left

rFire   + . .      SeeInvis +   a - +0 hand axe
rCold   + . .      Faith    .   (no shield)
rNeg    . . .      Spirit   .   m - +0 leather armour
rPois   +          Reflect  .   (no helmet)
rElec   +          Harm     .   j - +0 cloak
rCorr   +          Rampage  .   (no gloves)
Will    .....                   (no barding)
Stlth   ++........              (no amulet)
HPRegen 0.11/turn               (no ring)
MPRegen 0.08/turn               (no ring)

@: lethally poisoned (0 -> -4), resistant
A: large, rugged brown scales 3, see invisible, deformed body, roll 1, armoured
tail
a: Rolling Charge


You were on level 2 of the Dungeon.
You visited 1 branch of the dungeon, and saw 5 of its levels.

You collected 78 gold pieces.

Inventory:

Hand Weapons
 a - a +0 hand axe (weapon)
 b - a +0 sling
Armour
 j - a +0 cloak (worn)
 m - a +0 leather armour (worn)
Jewellery
 k - an amulet of faith
Wands
 g - a wand of digging (2)
Scrolls
 d - a scroll of magic mapping
 e - a scroll of blinking
 f - a scroll of vulnerability {unknown}
 h - a scroll of teleportation {unknown}
 l - 2 scrolls of identify {unknown}


   Skills:
 + Level 4.4 Fighting
 - Level 2.0 Axes
 - Level 2.0 Dodging
 - Level 3.3 Stealth


You had 2 spell levels left.
You didn't know any spells.
Your spell library contained the following spells:

 Spells                   Type           Power      Damage    Failure   Level
 Confusing Touch          Hex            0%         N/A       86%         3
 Yara's Violent Unravell  Hex/Tmut       0%         3d3       100%        5
 Enfeeble                 Hex            0%         N/A       100%        7


Dungeon Overview and Level Annotations

Branches:
Dungeon (6/15)
 Temple: D:4-7

Altars:

Annotations:
D:4 3 runed translucent doors


Innate Abilities, Weirdness & Mutations

You are completely covered in rugged brown scales. (AC +3, +7% HP)
You have supernaturally acute eyesight. (SInv)
Armour fits poorly on your strangely shaped body.
You can roll at nearby foes to attack.
You have a long armoured tail.


Message History

Unknown command.
Unknown command.
Unknown command.
You hit the adder.
The adder is almost dead.
You feel sick. The adder bites you.
* * * LOW HITPOINT WARNING * * *
The adder bites you.
* * * LOW HITPOINT WARNING * * *
You are lethally poisoned!
The adder poisons you!
Unknown command.
Unknown command.
Okay, then.
You barely miss the adder.
The adder is almost dead.
* * * LOW HITPOINT WARNING * * *
You feel sick. The adder misses you.
Unknown command.
Unknown command.
You hit the adder.
You kill the adder!
* * * LOW HITPOINT WARNING * * *
You feel sick.
You feel your dexterity returning.
Unknown command.
Unknown command.
It was a potion of resistance.
You feel protected.
* * * LOW HITPOINT WARNING * * *
You feel sick.
There is a lethal amount of poison in your body!
You aren't carrying any potions.
Unknown command.
Blink to where?
Press: ? - help, Dir - move target A hobgoblin comes into view.
As you read the scroll labelled CUATWU ESTO, it crumbles to dust.
It was a scroll of blinking.
You die...

## #.#... #
#..#.#.##.# ..
#....#...###..
###.#.# ....#
#.#)# #.#.# #.#.#
#.#.# ..###.#.#
#[#.#
.....g..####.#.#
######<....)@ยง.#
#.......###
.....######
####.# ..# ###


You could see a hobgoblin (wandering).

Vanquished Creatures
  A hound (D:3)
  An adder (D:2)
  A worm (D:3)
  A ball python (D:2)
  A goblin (D:3)
  3 hobgoblins
  A kobold (D:2)
9 creatures vanquished.

Notes
Turn   | Place    | Note
-------+----------+-------------------------------------------
     0 | D:5      | wingedge the Palentonga Delver began the quest for the Orb.
     0 | D:5      | Reached XP level 1. HP: 19/19 MP: 1/1
    41 | D:5      | You fall into a shaft and drop 1 floor!
    57 | D:6      | Noticed a hound
    61 | D:6      | Noticed a hound
    89 | D:5      | Found Axutuzoj's Distillery.
   146 | D:4      | Found a runed translucent gate.
   146 | D:4      | Found a runed translucent gate.
   146 | D:4      | Found a runed translucent gate.
   368 | D:3      | Noticed a hound
   379 | D:3      | Killed a hound
   380 | D:3      | Reached skill level 4 in Fighting
   380 | D:3      | Reached XP level 2. HP: 4/26 MP: 2/2
   380 | D:3      | Reached XP level 3. HP: 5/32 MP: 3/3
   756 | D:2      | HP: 1/33 [poisoned by an adder]
   757 | D:2      | Succumbed to an adder's poison

Illustrated notes

Levels and vault maps discovered:
D:2:      minmay_evil_eye, layout_loops_ring
D:3:      layout_basic
D:4:      layout_rooms, mainiacjoe_overflow_paths, gammafunk_ghost_necromancy
D:5:      layout_basic, minmay_temple_entry_large_hall, serial_shops, shop,
          chequers_garden
D:6:      cheibrodos_quashed, layout_basic, nicolae_figureground_sparkle

Skill      XL: |  1 |
---------------+----+-----
Dodging        | 2 |  2.0
Fighting       | 4 |  4.4
Axes           | |  2.0
Stealth        | |  3.3

Action                   || total
-------------------------++-------
Melee: Hand axe          ||    22
       Tailslap          ||     2
 Abil: Rolling Charge    ||     7
Evoke: Wand              ||     6
  Use: Scroll            ||     3
       Potion            ||     3
Armor: Leather armour    ||    11
Dodge: Dodged            ||    11
